 Dungeon Crawl Stone Soup version 0.26-a0-651-gb41185065b (webtiles) character file.

Game seed: 16613574094255434025

3264 Irenicus the Geomancer (level 9, -31/70 HPs)
             Began as a Deep Dwarf Earth Elementalist on Oct 14, 2020.
             Was a Believer of Makhleb.
             Killed from afar by a hound (33 damage)
             ... with an exploding inner flame
             ... hexed by the player character
             ... on level 9 of the Dungeon.
             The game lasted 00:35:35 (4376 turns).

Irenicus the Geomancer (DDEE)                       Turns: 4376, Time: 00:35:35

Health: -31/70     AC:  5    Str: 11    XL:     9   Next: 68%
Magic:  7/20       EV: 25    Int: 20    God:    Makhleb [**....]
Gold:   726        SH:  0    Dex: 13    Spells: 17/23 levels left

rFire    . . .     SeeInvis .   d - +0 dagger
rCold    + . .     Faith    .   (no shield)
rNeg     . . .     Spirit   .   u - +0 ring mail (curse)
rPois    .         Reflect  .   (no helmet)
rElec    .         Harm     .   z - scarf {repulsion}
rCorr    +         Rampage  .   (no gloves)
MR       .....                  (no boots)
Stlth    +.........             e - amulet of the acrobat
HPRegen  0.00/turn              s - ring of protection from cold {rC+, !d}
MPRegen  0.17/turn              g - ring of resist corrosion

@: vulnerable, acrobat, non-regenerating, drained, repel missiles
A: damage resistance, heal wounds, sense surroundings 2, no regeneration
a: Heal Wounds, Minor Destruction, Renounce Religion


You were on level 9 of the Dungeon.
You worshipped Makhleb.
Makhleb was pleased with you.
You visited 2 branches of the dungeon, and saw 10 of its levels.
You also visited: Ossuary.

You collected 926 gold pieces.
You spent 200 gold pieces at shops.

Inventory:

Hand Weapons
 d - a +0 dagger (weapon)
   (You found it on level 1 of the Dungeon)
Armour
 o - a +0 leather armour
   (You found it on level 2 of the Dungeon)
 u - a cursed +0 ring mail (worn)
   (You found it on level 4 of the Dungeon)
 y - the +0 robe of the Original Sin {rF+}
   (You found it on level 5 of the Dungeon)

   It protects you from fire.
 z - a scarf of repulsion (worn)
   (You found it on level 5 of the Dungeon)
Jewellery
 c - an uncursed ring of wizardry {Wiz+, !d}
   (You found it on level 5 of the Dungeon)
 e - an amulet of the acrobat (around neck)
   (You found it on level 1 of the Dungeon)
 g - a ring of resist corrosion (right hand)
   (You found it on level 7 of the Dungeon)
 n - an uncursed ring of teleportation {+/*tele, !d}
   (You found it on level 2 of the Dungeon)
 s - a ring of protection from cold (left hand) {rC+, !d}
   (You found it on level 3 of the Dungeon)
 w - an uncursed ring of wizardry {Wiz+, !d}
   (You found it on level 4 of the Dungeon)
Wands
 A - a wand of iceblast (5)
   (You found it on level 5 of the Dungeon)
 D - a wand of paralysis (5)
   (You found it on level 5 of the Dungeon)
Scrolls
 a - 6 scrolls of remove curse
 f - 7 scrolls of identify
 j - 7 scrolls of teleportation
 k - 2 scrolls of vulnerability {!r!r}
 p - 2 scrolls of fog
 q - a scroll of fear
 v - 5 scrolls of magic mapping {!r}
Potions
 b - 3 potions of lignification {!q}
 h - 8 potions of curing
 i - 4 potions of might
 r - 2 potions of flight
 C - a potion of resistance
Miscellaneous
 B - a condenser vane (inert)
   (You bought it in a shop on level 5 of the Dungeon)


   Skills:
 - Level 1.0(0.1) Fighting
 + Level 1.0(0.1) Short Blades
 - Level 2.1(1.2) Dodging
 - Level 2.4(1.4) Stealth
 + Level 7.7(6.6) Spellcasting
 - Level 2.1(1.1) Conjurations
 - Level 0.8(0.0) Transmutations
 - Level 13.0(11.7) Earth Magic


You had 17 spell levels left.
You knew the following spells:

 Your Spells              Type           Power        Failure   Level
a - Sandblast             Erth           ######       1%          1
w - Passwall              Tmut/Erth      ####....     3%          2
x - Stone Arrow           Conj/Erth      ####..       4%          3

Your spell library contained the following spells:

 Spells                   Type           Power        Failure   Level
 Lee's Rapid Deconstruct  Erth           ######....   5%          5
 Petrify                  Tmut/Erth      ####....     22%         4
 Corona                   Hex            #......      24%         1
 Summon Small Mammal      Summ           #...         24%         1
 Call Imp                 Summ           #.......     36%         2
 Ensorcelled Hibernation  Hex/Ice        #.....       36%         2
 Dazzling Flash           Conj/Hex       #.....       50%         3
 Call Canine Familiar     Summ           #.......     58%         3
 Confusing Touch          Hex            #.......     58%         3
 Summon Guardian Golem    Hex/Summ       #.......     58%         3
 Tukima's Dance           Hex            #.......     58%         3
 Summon Ice Beast         Ice/Summ       #.......     94%         4
 Summon Lightning Spire   Summ/Air       #.......     94%         4


Dungeon Overview and Level Annotations

Branches:
Dungeon (9/15)             Temple (1/1) D:7         Ossuary (visited)
   Lair: D:8-11         Orc: D:9-12

Altars:
Ashenzari
Cheibriados
Dithmenos
Gozag
Makhleb
Nemelex Xobeh
Okawaru
Qazlal
Ru
Sif Muna
Trog
Uskayaw
Vehumet
Wu Jian
Xom
Zin
The Shining One

Shops:
D:5 }   D:6 (

Annotations:
D:6 2 transporters, p0werm0de's ghost, amateur GrFi


Innate Abilities, Weirdness & Mutations

You are resistant to damage.
You can heal yourself by infusing magical energy.
You passively map the area around you.
You do not regenerate.


Message History

You barely miss the wight. The wight closely misses you.
You hit the wight but do no damage. You completely miss the wight.
You feel a little less mighty now. The wight barely misses you.
You hit the wight but do no damage.
The wight hits you with a +1 morningstar.
You take 1 damage, and have 24/70 hp.
Casting: Stone Arrow (dangerous; 3% risk of failure)
Confirm with . or Enter, or press ? or * to list all spells.
Aiming: Stone Arrow (dangerous; 3% risk of failure)
Press: ? - help, Shift-Dir - straight line, f - wight
Aim: a wight, wielding a +1 morningstar and wearing a +0 robe The stone arrow misses the wight.
The wight hits you with a +1 morningstar!
* * * LOW HITPOINT WARNING * * *
You feel drained.
* * * LOW HITPOINT WARNING * * *
You take 6 damage, and have 18/70 hp.
You now have 5/20 mp.
Casting: Stone Arrow (dangerous; 3% risk of failure)
Confirm with . or Enter, or press ? or * to list all spells.
Aiming: Stone Arrow (dangerous; 3% risk of failure)
Press: ? - help, Shift-Dir - straight line, f/p - wight
Aim: a wight, wielding a +1 morningstar and wearing a +0 robe The stone arrow hits the wight.
The wight is moderately damaged.
The wight hits you with a +1 morningstar!
* * * LOW HITPOINT WARNING * * *
You feel drained.
You take 4 damage, and have 14/70 hp.
You now have 2/20 mp.
A wight comes into view. It is wielding a +0 dagger.
A wight comes into view. It is wielding a +0 scimitar.
Okay, then.
As you read the scroll labeled LOEPLA BAERA, it crumbles to dust.
Magic quickly surges around you.
It was a scroll of vulnerability.
You are no longer poisoned.
The wight hits you with a +1 morningstar.
* * * LOW HITPOINT WARNING * * *
You feel drained.
You take 1 damage, and have 13/70 hp.
Found a stone staircase leading down.
An iguana, a hound and a zombie come into view.
The iguana hisses angrily.
The hound barks!
Okay, then.
Really read
l - a scroll of immolation {!r}?
Really read the scroll of immolation?
As you read the scroll of immolation {!r}, it crumbles to dust.
The creatures around you are filled with an inner flame!
A bullfrog comes into view.
The wight hits you with a +1 morningstar.
* * * LOW HITPOINT WARNING * * *
You feel drained.
You take 3 damage, and have 10/70 hp.
Okay, then.
Evoke which item? (* to show all) (? for menu, Esc to quit)
Clouds of freezing vapour condense around you!
The condenser dries out!
The wyvern zombie is engulfed in freezing vapours.
Flame seeps out of the wyvern zombie.
The wight is engulfed in freezing vapours.
The hound is engulfed in freezing vapours.
Flame seeps out of the hound.
The bullfrog is engulfed in freezing vapours.
The bullfrog seems to slow down.
The iguana is engulfed in freezing vapours.
The iguana seems to slow down.
Flame seeps out of the iguana.
You open the door.
The bullfrog croaks.
The wyvern zombie is engulfed in freezing vapours.
Flame seeps out of the wyvern zombie.
The hound is engulfed in freezing vapours.
Flame seeps out of the hound.
The bullfrog is engulfed in freezing vapours.
The bullfrog seems to slow down.
You kill the bullfrog!
Makhleb accepts your kill.
You feel better.
Your base Short Blades skill increases to level 1!
The wyvern zombie is engulfed in freezing vapours.
Flame seeps out of the wyvern zombie.
The wyvern zombie bites you!
* * * LOW HITPOINT WARNING * * *
The hound bites you but does no damage.
The wight is engulfed in freezing vapours.
Flame seeps out of the wight.
You regained 3 hp, and now have 13/70 hp.
The wight is engulfed in freezing vapours.
The hound bites you.
* * * LOW HITPOINT WARNING * * *
The iguana is engulfed in freezing vapours.
The iguana seems to slow down.
The iguana explodes!
You hear a sizzling sound! x4
The fiery explosion engulfs you!
* * * LOW HITPOINT WARNING * * *
You hear a sizzling sound!
The fiery explosion engulfs the hound!!!
The hound explodes!
The fiery explosion engulfs you!!
You die...

* , * *#.# *...#
*.. #§§.# #.##§§.#
* ..#§§.### * *
#§#§§...# * *+*
...#...# +..,
#§§#...# *+ ....
#@§#...#
.....##zz...# *
......Z§#...#######
....§§§z§.........#
....§§§###z.......#
#...§§# #........#
#..... #z....≈≈.#
#.....####z....≈≈.#
#....##.........≈.#


You could see 3 wights.

Vanquished Creatures
  An orc warrior (D:7)
  An ice beast (D:8)
  A black bear (D:8)
  4 centaurs
  An ogre (D:9)
  5 bullfrogs
  A water moccasin zombie (Ossuary)
  3 scorpions
  A water moccasin skeleton (D:7)
  17 killer bees
  2 wights (D:7)
  A howler monkey (D:7)
  A quasit (D:7)
  A centaur skeleton (D:7)
  2 jellies
  6 hounds
  3 orc priests
  5 orc wizards
  A bullfrog skeleton (D:5)
  Jessica (D:2)
  An iguana (D:7)
  9 worker ants
  2 big kobold zombies (Ossuary)
  2 mummies (Ossuary)
  11 adders
  A shadow imp (D:8)
  A white imp (D:8)
  An ufetubus (D:7)
  2 oozes
  An adder skeleton (D:4)
  5 adder zombies
  5 worms
  2 dart slugs
  3 leopard geckos (D:5)
  16 orcs
  7 bats
  7 giant cockroaches
  3 gnoll zombies (Ossuary)
  6 goblins
  7 hobgoblins
  8 jackals
  7 kobolds
  3 quokkas
  A ball python (D:7)
  3 frilled lizards
  3 hobgoblin zombies (Ossuary)
  2 jackal skeletons (D:7)
  2 kobold zombies (Ossuary)
  A leopard gecko skeleton (D:6)
  5 orc zombies (Ossuary)
  A quokka skeleton (D:7)
  8 rats
194 creatures vanquished.

Vanquished Creatures (others)
  An adder zombie (Ossuary)
  A kobold zombie (Ossuary)
2 creatures vanquished.

Grand Total: 196 creatures vanquished

Notes
Turn   | Place    | Note
-------+----------+-------------------------------------------
     0 | D:1      | Irenicus the Deep Dwarf Earth Elementalist began the quest
                  | for the Orb.
     0 | D:1      | Reached XP level 1. HP: 15/15 MP: 3/3
   185 | D:1      | Reached XP level 2. HP: 22/22 MP: 0/4
   207 | D:1      | Reached skill level 5 in Earth Magic
   495 | D:1      | Reached XP level 3. HP: 22/28 MP: 0/5
   625 | D:2      | Noticed Jessica
   640 | D:2      | Killed Jessica
   640 | D:2      | Reached skill level 6 in Earth Magic
   716 | D:2      | Reached XP level 4. HP: 29/36 MP: 1/6
   992 | D:2      | Learned a level 2 spell: Passwall
  1243 | D:3      | Reached skill level 7 in Earth Magic
  1489 | D:3      | Learned a level 3 spell: Stone Arrow
  1536 | D:4      | Reached XP level 5. HP: 42/42 MP: 5/7
  1594 | D:4      | Reached skill level 1 in Conjurations
  1594 | D:4      | Reached skill level 8 in Earth Magic
  1681 | D:4      | Reached skill level 2 in Spellcasting
  1702 | D:4      | Noticed a moth of wrath
  1706 | D:4      | Found a bloodstained altar of Trog.
  1853 | D:5      | Entered Level 5 of the Dungeon
  1938 | D:5      | Got a transparent robe
  1953 | D:5      | Identified the cursed +0 robe of the Original Sin {rF+}
                  | (You found it on level 5 of the Dungeon)
  1970 | D:5      | Reached skill level 2 in Conjurations
  1970 | D:5      | Reached XP level 6. HP: 30/49 MP: 6/9
  2217 | D:5      | Reached skill level 3 in Spellcasting
  2238 | D:5      | Found Xyun's Gadget Shoppe.
  2246 | D:5      | Bought a condenser vane (2/2) for 200 gold pieces
  2409 | D:6      | Found Jioshrior's Antique Weapon Shoppe.
  2416 | D:6      | Found Qujeut's Distillery.
  2427 | D:6      | Found a transporter.
  2429 | D:6      | Noticed p0werm0de's ghost (amateur GrFi)
  2430 | D:6      | Found a transporter.
  2434 | D:6      | Identified the cursed +2 great mace of Flawed Execution
                  | {holy, Str+4 Int+6 Dex+4 Stlth+}
  2434 | D:6      | Identified the +6 dire flail "Backi" {vorpal, +Blink MP+9
                  | Dex+7}
  2434 | D:6      | Noticed a two-headed ogre
  2647 | D:5      | Reached skill level 9 in Earth Magic
  2647 | D:5      | Reached XP level 7. HP: 26/55 MP: 0/11
  2897 | D:7      | Found a staircase to the Ecumenical Temple.
  2903 | D:6      | HP: 9/55 [orc priest/+0 mace (7)]
  2908 | D:6      | HP: 5/82 [orc priest/divine providence (6)]
  2999 | D:6      | Reached skill level 10 in Earth Magic
  3228 | D:7      | Reached skill level 11 in Earth Magic
  3247 | D:7      | HP: 12/55 [orc warrior/+0 mace (12)]
  3248 | D:7      | Reached XP level 8. HP: 14/62 MP: 3/12
  3275 | Temple   | Entered the Ecumenical Temple
  3278 | Temple   | Became a worshipper of Makhleb the Destroyer
  3289 | D:7      | Reached skill level 12 in Earth Magic
  3327 | D:7      | Found a shadowy altar of Dithmenos.
  3368 | D:7      | Reached skill level 13 in Earth Magic
  3401 | D:7      | Reached skill level 4 in Spellcasting
  3487 | D:7      | Found a sand-covered staircase.
  3495 | Ossuary  | Entered an ossuary
  3499 | Ossuary  | Reached * piety under Makhleb
  3533 | Ossuary  | HP: 12/62 [hobgoblin zombie (2)]
  3614 | Ossuary  | Reached skill level 1 in Fighting
  3702 | Ossuary  | Identified a scroll of acquirement
  3702 | Ossuary  | Acquired 518 gold pieces
  3768 | D:7      | Gained mutation: You passively map the area around you.
                  | [Deep Dwarf growth]
  3768 | D:7      | Reached XP level 9. HP: 43/70 MP: 2/16
  3859 | D:8      | Reached skill level 5 in Spellcasting
  3891 | D:8      | Found an iron altar of Okawaru.
  3901 | D:8      | HP: 17/70 [ice beast (2)]
  4020 | D:8      | Reached skill level 6 in Spellcasting
  4020 | D:8      | HP: 17/70 [killer bee (1)]
  4025 | D:8      | HP: 10/70 [killer bee (1)]
  4083 | D:8      | Reached ** piety under Makhleb
  4172 | D:8      | Found a shimmering blue altar of Sif Muna.
  4209 | D:8      | Reached skill level 7 in Spellcasting
  4300 | D:9      | HP: 12/70 [centaur/arrow (10)]
  4309 | D:9      | HP: 3/70 [bullfrog (5)]
  4347 | D:9      | HP: 14/70 [wight/+1 morningstar (4)]
  4362 | D:9      | HP: 13/70 [wight/+1 morningstar (1)]
  4373 | D:9      | HP: 10/70 [wight/+1 morningstar (3)]
  4375 | D:9      | Reached skill level 1 in Short Blades
  4376 | D:9      | HP: 2/70 [iguana/exploding inner flame[the player
                  | character] (8)]
  4376 | D:9      | Killed from afar by a hound

Illustrated notes

Levels and vault maps discovered:
D:1:      heliophobic_arrival_dark_side_of_the_moon, layout_basic
D:2:      layout_loops_ring, serial_rivers, chequers_serial_rivers_marsh,
          chequers_serial_rivers_marsh, chequers_serial_rivers_large_a,
          chequers_serial_rivers_micro_b, chequers_serial_rivers_micro_e,
          minmay_tetromino_o2, uniq_jessica
D:3:      layout_loops_cross
D:4:      layout_rooms, tgw_trog
D:5:      layout_cave_pods, serial_shops, shop
D:6:      layout_basic, serial_shops, kennysheep_mini_moat, shop,
          gammafunk_ghost_smash, nrook_loot_triangle
D:7:      layout_rooms, temple_statues, nicolae_ossuary_entry_monument,
          minmay_misc_feat_x, nicolae_dithmenos_through_a_glass_darkly
D:8:      minmay_the_grid_octo_tiled_octocenter [minmay_the_grid_octo_chip,
          minmay_the_grid_octo_fan_narrow, minmay_the_grid_octo_clover,
          minmay_the_grid_octo_thin_diamonds, minmay_the_grid_octo_prize_big_c,
          minmay_the_grid_square_5x5_two_walls_b,
          minmay_the_grid_square_5x5_plus, minmay_the_grid_square_5x5_longway,
          minmay_the_grid_square_5x5_shuriken], layout_loops_ring, led_sif_pool,
          chequers_decorated_corner, okawaru_gym_becter
D:9:      layout_basic, serial_shops, nicolae_shop_behind_doors,
          minmay_shop_damaged
Temple:   dpeg_three_leaves_temple

Skill      XL: |  1  2  3  4  5  6  7  8  9 |
---------------+----------------------------+-----
Earth Magic    | 5 6 7 8 9 11 13 | 13.0
Conjurations   | 2 |  2.1
Spellcasting   | 2 3 4 7 |  7.7
Fighting       | 1 |  1.0
Short Blades   | 1 |  1.0
Dodging        | |  2.1
Stealth        | |  2.4
Transmutations | |  0.8

Action                   |  1- 3 |  4- 6 |  7- 9 || total
-------------------------+-------+-------+-------++-------
Melee: Dagger            |    11 |    52 |   133 ||   196
 Cast: Sandblast         |    38 |    65 |   113 ||   216
       Passwall          |       |     7 |     8 ||    15
       Stone Arrow       |       |    20 |    32 ||    52
 Abil: Heal Wounds       |       |       |     1 ||     1
Evoke: Wand              |       |       |     6 ||     6
       Condenser vane    |       |       |     3 ||     3
  Use: Scroll            |       |     7 |     8 ||    15
       Potion            |       |     2 |    12 ||    14
 Stab: Paralysed         |       |       |    19 ||    19
       Confused          |       |       |     1 ||     1
Armor: Robe              |    18 |       |       ||    18
       Leather armour    |       |    13 |       ||    13
       Ring mail         |       |     4 |    47 ||    51
Dodge: Dodged            |    81 |    60 |   118 ||   259

Table legend: (Time is in decaauts)
 A = Elapsed time spent in this place.
 B = Non-inter-level travel time spent in this place.
 C = Inter-level travel time spent in this place.
 D = Time resting spent in this place.
 E = Time spent auto-exploring this place.
 F = Levels seen in this place.
 G = Mean time per level.
                   A        B        C        D        E       F      G
               +--------+--------+--------+--------+--------+-----+--------+
         Total |   4386 |   4359 |     27 |      0 |      0 |  11 |  398.7 |
       Dungeon |   4147 |   4120 |     27 |      0 |      0 |   9 |  460.8 |
        Temple |      6 |      6 |      0 |      0 |      0 |   1 |    6.0 |
       Ossuary |    232 |    232 |      0 |      0 |      0 |   1 |  232.0 |
               +--------+--------+--------+--------+--------+-----+--------+

Top non-repeatable levels by time:
     D:5: 688 daAuts
     D:6: 590 daAuts
     D:2: 552 daAuts
     D:1: 531 daAuts
     D:7: 448 daAuts
     D:8: 442 daAuts
     D:3: 430 daAuts
     D:4: 386 daAuts
 Ossuary: 232 daAuts
     D:9: 77 daAuts
  Temple: 6 daAuts

Table legend:
 A = Kills in this place as a percentage of kills in entire the game.
 B = Kills by you in this place as a percentage of kills by you in the entire game.
 C = Kills by friends in this place as a percentage of kills by friends in the entire game.
 D = Other kills in this place as a percentage of other kills in the entire game.
 E = Experience gained in this place as a percentage of experience gained in the entire game.
 F = Experience gained in this place divided by the number of levels of this place that you have seen.
                   A       B       C       D       E      F
               +-------+-------+-------+-------+-------+----------------------
         Total | 100.0 | 100.0 |   N/A | 100.0 | 100.0 | 424.0
       Dungeon |  89.1 |  89.5 |   N/A |  50.0 |  95.5 | 495.0
       Ossuary |  10.9 |  10.5 |   N/A |  50.0 |   4.5 | 209.0
               +-------+-------+-------+-------+-------+----------------------
